 Dungeon Crawl Stone Soup version 0.30.0 (webtiles) character file.

Game seed: 16914084970532212464

32 workbot the Stinger (level 3, -5/31 HPs)
             Began as an Ogre Venom Mage on May 5, 2023.
             Slain by Terence
             ... wielding a +0 mace
              (8 damage)
             ... on level 1 of the Dungeon.
             The game lasted 00:06:52 (1054 turns).

workbot the Stinger (Ogre Venom Mage)               Turns: 1054, Time: 00:06:52

Health: -5/31      AC:  3    Str: 12    XL:     3   Next: 27%
Magic:  3/7        EV:  9    Int: 18    God:
Gold:   74         SH:  0    Dex:  9    Spells: 6/7 levels left

rFire   . . .        e - +0 short sword
rCold   . . .        (no shield)
rNeg    . . .        a - +0 robe
rPois   .            (helmet restricted)
rElec   .            (no cloak)
rCorr   .            (gloves unavailable)
SInv    .            (boots unavailable)
Will    .....        (no amulet)
Stlth   +            (no ring)
HPRegen 0.25/turn    (no ring)
MPRegen 0.10/turn

%: no passive effects
@: no status effects
A: large, unfitting armour, tough skin 1
a: no special abilities


You were on level 1 of the Dungeon.
You visited 1 branch of the dungeon, and saw 2 of its levels.

You collected 74 gold pieces.

Inventory:

Hand Weapons
 c - a +0 sling
 e - a +0 short sword (weapon)
Armour
 a - a +0 robe (worn)
Potions
 b - 2 potions of curing {unknown}
 f - 2 potions of resistance {unknown}


   Skills:
 - Level 1.7 Dodging
 - Level 1.4 Stealth
 + Level 2.9 Spellcasting
 + Level 1.5 Transmutations
 * Level 3.3 Poison Magic


You had 6 spell levels left.
You knew the following spells:

 Your Spells              Type           Power      Damage    Failure   Level
a - Sting                 Tmut/Pois      44%        1d5       6%          1

Your spell library contained the following spells:

 Spells                   Type           Power      Damage    Failure   Level
 Poisonous Vapours        Pois/Air       16%        N/A       12%         2
 Mephitic Cloud           Conj/Pois/Air  6%         N/A       30%         3
 Olgreb's Toxic Radiance  Pois           14%        N/A       38%         4


Dungeon Overview and Level Annotations

Branches:
Dungeon (2/15)

Altars:

Annotations:
D:1 Terence


Innate Abilities, Weirdness & Mutations

You are too large for most types of armour.
You have tough skin. (AC +1)


Message History

Terence looks even sicker.
Terence is moderately wounded.
Terence hits you but does no damage. Terence barely misses you.
You climb upwards.
There is a stone staircase leading down here.
Casting: Sting (safe; 6% risk of failure)
Confirm with . or Enter, or press ? or * to list all spells.
Aiming: Sting (safe; 6% risk of failure)
Press: ? - help, Shift-Dir - straight line, f - Terence
Aim: Terence, wielding a +0 mace and wearing a +0 chain mail (heavily wounded, very poisoned, 79% to hit)
The sting hits Terence.
Terence looks as sick as possible!
Terence is severely wounded.
Terence hits you with a +0 mace!
You closely miss Terence.
Terence is severely wounded.
Terence hits you with a +0 mace!
You barely miss Terence.
Terence is almost dead.
Terence closely misses you.
You hit Terence but do no damage. You punch Terence, but do no damage.
Terence is almost dead.
Terence barely misses you.
You hit Terence but do no damage.
Terence is almost dead.
Terence barely misses you.
You hit Terence but do no damage.
Terence is almost dead.
Terence hits you with a +0 mace!
* * * LOW HITPOINT WARNING * * *
Casting: Sting (safe; 6% risk of failure)
Confirm with . or Enter, or press ? or * to list all spells.
Aiming: Sting (safe; 6% risk of failure)
Press: ? - help, Shift-Dir - straight line, f/p - Terence
Aim: Terence, wielding a +0 mace and wearing a +0 chain mail (almost dead, very poisoned, 79% to hit)
The sting hits Terence but does no damage.
Terence looks as sick as possible!
Terence is almost dead.
Terence hits you with a +0 mace!
You die...

..............##.................
.................................
...........##..#.#.#####......#..
...........##....#.# #.........
...........##.#..#.#####.........
...........##.##.#........#.#.##.
...........##.##..)..............
............................#.##.
............#..@@.............##.
............####.................
............# #...#.#...##......
............# #.........##...###
............# #..##.#...##......
######..#...# #..##.#...........
#..#...####..##.##..##...###
#..#.......................#
#..##..####.......#.###..###


You could see Terence (extremely poisoned).

Vanquished Creatures
  2 dart slugs (D:1)
  4 endoplasms (D:1)
  A giant cockroach (D:1)
  5 goblins
  4 hobgoblins (D:1)
  3 kobolds (D:1)
  2 quokkas
  A frilled lizard (D:1)
  2 rats (D:1)
24 creatures vanquished.

Notes
Turn   | Place    | Note
-------+----------+-------------------------------------------
     0 | D:1      | workbot the Ogre Venom Mage began the quest for the Orb.
     0 | D:1      | Reached XP level 1. HP: 16/16 MP: 3/3
    72 | D:1      | Reached skill level 1 in Transmutations
   156 | D:1      | Reached XP level 2. HP: 24/24 MP: 5/5
   189 | D:1      | Reached skill level 3 in Poison Magic
   757 | D:1      | Reached XP level 3. HP: 31/31 MP: 2/7
  1036 | D:2      | Noticed Terence
  1054 | D:1      | Slain by Terence

Illustrated notes

Levels and vault maps discovered:
D:1:      saegor_arrival_fortress, layout_basic, st_stairs_8
D:2:      layout_loops_ring, basic_altar, minmay_increasing_density,
          uniq_terence

Skill      XL: |  1  2 |
---------------+-------+-----
Transmutations | 1 |  1.5
Poison Magic   | 3 |  3.3
Dodging        | |  1.7
Stealth        | |  1.4
Spellcasting   | |  2.9

Action                     || total
---------------------------++-------
  Melee: Short sword       ||    52
         Unarmed           ||     1
         Punch             ||     1
   Cast: Sting             ||    34
    Use: Potion            ||     1
         Scroll            ||     2
   Stab: Sleeping          ||     1
 Armour: Robe              ||     9
  Dodge: Dodged            ||    35
